Description

building build order (no unit production)

Build Order

Why is there no SALT encoding or Overwolf build?

    0:01  SCV  
    0:13  SCV  
    0:19  Supply Depot  
    0:25  SCV x2  
    0:40  Barracks  
    0:45  Refinery  
    0:52  SCV x3  
    1:29  Orbital Command  
    1:32  Barracks Reactor  
    1:45  Command Center  
    1:55  SCV x2  
    2:05  Barracks  
    2:15  Supply Depot  
    2:30  Barracks  
    2:36  SCV  
    2:50  Barracks Tech Lab  
    2:56  Orbital Command  
    3:10  Stimpack  
    3:16  Barracks Reactor  
    3:24  Factory  
    3:34  Refinery  
    3:46  Supply Depot x3  
    4:10  Starport  
    4:13  Factory Reactor  
    5:00  Engineering Bay x2  
Spawning Tool Build Advisor. Get it on Overwolf

Go to:

Details

  • Created by: Xilous
  • Published on: Apr 04, 2018
  • Modified on: Apr 04, 2018
  • Patch: 4.0.0
Show

Export as new Build Order

Comments (0)

There are no comments. Be the first!

Create an account to comment!